 Dungeon Crawl Stone Soup version 0.21-a0-404-g291f19a (webtiles) character file.

24 FerrousOx the Ruffian (level 2, 0/23 HPs)
             Began as a Draconian Transmuter on Oct 30, 2017.
             Succumbed to an adder's poison
             ... on level 2 of the Dungeon.
             The game lasted 00:01:28 (1024 turns).

FerrousOx the Ruffian (Draconian Transmuter)        Turns: 1024, Time: 00:01:29

Health: 0/23       AC:  4    Str: 12    XL:     2   Next: 79%
Magic:  1/5        EV: 12    Int: 13    God:
Gold:   40         SH:  0    Dex: 11    Spells: 2/5 levels left

rFire    . . .     SeeInvis .     - Unarmed
rCold    . . .     Gourm    .   (no shield)
rNeg     . . .     Faith    .   (armour unavailable)
rPois    .         Spirit   .   (helmet restricted)
rElec    .         Reflect  .   (no cloak)
rCorr    .         Harm     .   (no gloves)
MR       .....                  (boots currently unavailable)
Stlth    +.........             (no amulet)
HPRegen  0.07/turn              (no ring)
MPRegen  0.09/turn              (no ring)

@: lethally poisoned (0 -> -19), appendage (expiring), very slightly
contaminated
A: unfitting armour, talons 3, cold-blooded, AC +4
a: End Transformation


You were on level 2 of the Dungeon.
You were hungry.
You had grown temporary talons.
You visited 1 branch of the dungeon, and saw 2 of its levels.

You collected 40 gold pieces.

Inventory:

Missiles
 a - 24 arrows
Jewellery
 d - a +2 amulet of reflection {unknown}
Scrolls
 e - 5 scrolls of remove curse {unknown}
 g - a scroll of blinking {unknown}
 i - a scroll of enchant weapon {unknown}
 k - a scroll of teleportation {unknown}
Potions
 l - a potion of curing {unknown}
Books
 b - a book of Changes

   Spells                             Type                      Level
   a - Beastly Appendage              Transmutation                1
   b - Sticks to Snakes               Transmutation                2
   c - Spider Form                    Transmutation/Poison         3
   d - Ice Form                       Ice/Transmutation            4
   e - Blade Hands                    Transmutation                5
Comestibles
 c - a bread ration
 f - 2 meat rations
 h - a chunk of flesh
 j - 3 royal jellies


   Skills:
 - Level 1.1 Fighting
 - Level 1.8 Dodging
 - Level 3.2 Unarmed Combat
 + Level 2.3 Spellcasting
 * Level 2.8 Transmutations


You had 2 spell levels left.
You knew the following spells:

 Your Spells              Type           Power        Failure   Level  Hunger
a - Beastly Appendage     Tmut           #.....       8%          1    #......
b - Sticks to Snakes      Tmut           #.......     12%         2    ###....


Dungeon Overview and Level Annotations

Branches:
Dungeon (2/15)

Altars:


Innate Abilities, Weirdness & Mutations

Your plain brown scales are hard. (AC +4)
You cannot fit into any form of body armour.
You are cold-blooded and may be slowed by cold attacks.
You have claws for feet.


Message History

You closely miss the adder.
Your tail-slap misses the adder.
You feel sick. The adder bites you.
You are more poisoned.
The adder poisons you!
You miss the adder. Your kick misses the adder.
Your tail-slap misses the adder.
You feel sick. The adder barely misses you.
You hit the adder but do no damage. Your kick misses the adder.
Your transformation is almost over.
You feel sick. The adder bites you. The adder barely misses you.
You completely miss the adder. The adder bites you.
You are more poisoned.
The adder poisons you!
You hit the adder.
The adder is lightly wounded.
* * * LOW HITPOINT WARNING * * *
You feel sick. The adder bites you.
* * * LOW HITPOINT WARNING * * *
You are more poisoned.
The adder poisons you!
You die...

#.# #.# .# #.#
##.# #.####>.
#<##....
#.##.#.#
#.##.#.#
#.##.#.####...
#@.Sr...>....#
####.#.####...
#.#.# #.#.#
#.#.. #.###
#.# #.#


You could see an adder and a quokka.

Vanquished Creatures
  2 dart slugs (D:1)
  A ball python (D:1)
  3 bats (D:1)
  A giant cockroach (D:1)
  3 goblins (D:1)
  3 hobgoblins (D:1)
  2 kobolds (D:1)
  A frilled lizard (D:1)
  2 rats (D:1)
18 creatures vanquished.

Notes
Turn   | Place    | Note
-------+----------+-------------------------------------------
     0 | D:1      | FerrousOx the Draconian Transmuter began the quest for the Orb.
     0 | D:1      | Reached XP level 1. HP: 16/16 MP: 3/3
   148 | D:1      | Reached XP level 2. HP: 23/23 MP: 5/5
   163 | D:1      | Learned a level 2 spell: Sticks to Snakes
  1024 | D:2      | Succumbed to an adder's poison

Vault maps used:
D:1:      grunt_arrival_lava_bath
D:2:      okawaru_gym_becter, first_bread, tgw_fedhas

Action                   || total
-------------------------++-------
Melee: Unarmed           ||    54
       Tailslap          ||     7
       Headbutt          ||     3
       Kick              ||     3
 Cast: Beastly Appendage ||     9
       Sticks to Snakes  ||     1
Armor: Skin              ||    18
Dodge: Dodged            ||    37

Table legend:
 A = Spawn XP
 B = Non-spawn XP
 C = Spawn XP percentage of total XP
 D = Spawn monster count
 E = Non-spawn monster count
 F = Spawn count percentage of total count
 G = Total turns spent on level
                    A         B        C        D         E        F      G
               +---------+---------+-------+---------+---------+-------+---------
         Total |       0 |      35 |   0.0 |       0 |      18 |   0.0 |  1024
               +---------+---------+-------+---------+---------+-------+---------
           D:1 |       0 |      35 |   0.0 |       0 |      18 |   0.0 |   997
               +---------+---------+-------+---------+---------+-------+---------
